AoeStats
← Gab7292

Arabia

510464269Analyzed
1v1 RM · 1d ago on Oct 1, 2026· 59m 37s· 2 players
Game mode
Random Map
Map size
Tiny (2 player)
Population
200
Speed
Normal
Resources
Standard
Victory
Conquest
Starting age
Dark Age
Ending age
Imperial Age
RankedLock teamsTeams togetherTeam positionsShared explorationLock speedFull tech treeHidden civsTurbo modeCheats
Victory
Defeat
🇨🇱 Franks · Chile
894
+18
🇨🇦 Mongols · Canada
927
-18
Gab7292
9:59 Feudal Age
9:55 Loom
20:29 Castle Age
19:54 Horse Collar
20:01 Double-Bit Axe
21:38 Bow Saw
21:28 Heavy Plow
22:46 Scale Barding Armor
24:56 Bloodlines
25:56 Wheelbarrow
26:17 Chain Barding Armor
26:52 Forging
26:41 Gold Mining
30:09 Hand Cart
37:50 Imperial Age
35:26 Stone Mining
36:56 Ballistics
36:39 Padded Archer Armor
36:29 Fletching
36:49 Husbandry
37:54 Murder Holes
37:57 Heavy Scorpion
39:20 Drill
40:34 Nomads
45:27 Gold Shaft Mining
48:49 Chemistry
Broski
8:14 Loom
10:26 Feudal Age
11:15 Double-Bit Axe
14:53 Wheelbarrow
16:06 Forging
17:02 Scale Barding Armor
23:16 Castle Age
22:34 Gold Mining
24:26 Town Watch
25:24 Chain Barding Armor
25:09 Husbandry
25:50 Hand Cart
27:26 Squires
28:18 Scale Mail Armor
28:26 Pikeman
32:49 Iron Casting
33:20 Chain Mail Armor
35:04 Fletching
42:32 Imperial Age
43:18 Gambesons
44:12 Capped Ram
46:55 Chemistry
46:43 Cavalier
47:12 Elite Throwing Axeman
50:28 Gold Shaft Mining
51:48 Ballistics
51:27 Bodkin Arrow
51:34 Padded Archer Armor
54:26 Paladin
55:51 Leather Archer Armor
57:27 Conscription
Connection lost

Rejoining the realm…

Still unreachable

The connection could not be restored.

Session expired

The server has moved on; the page needs a fresh start.